 Dungeon Crawl Stone Soup version 0.29.0-4-gdea44cf6ec (webtiles) character file.

Game seed: 8281027561862312749

37538 qw the Severer (level 13, -14/137 HPs)
             Began as a Minotaur Berserker on Sept 6, 2022.
             Was an Elder of Trog.
             Demolished by a snapping turtle (19 damage)
             ... while paralysed by a hornet
             ... on level 5 of the Lair of Beasts.
             The game lasted 00:04:12 (12949 turns).

qw the Severer (Minotaur Berserker)                Turns: 12949, Time: 00:04:12

Health: -14/137    AC: 13    Str: 26    XL:     13   Next: 58%
Magic:  10/10      EV:  2    Int:  4    God:    Trog [****..]
Gold:   617        SH:  0    Dex: 11    Spells: 12/12 levels left

rFire   + . .      SeeInvis .   Y - +4 war axe (freeze)
rCold   + . .      Faith    .   b - +0 kite shield
rNeg    . . .      Spirit   .   g - +4 chain mail
rPois   .          Reflect  .   (helmet restricted)
rElec   .          Harm     .   j - scarf {rC+ rF+}
rCorr   .          Rampage  .   d - +0 pair of gloves
Will    .....                   (no boots)
Stlth   ..........              c - amulet of regeneration
HPRegen 1.12/turn               o - +4 ring of slaying {mikee}
MPRegen 0.12/turn               l - +4 ring of evasion

@: paralysed, lethally poisoned (-14 -> -15), spiked, on berserk cooldown,
slowed, very slow
A: horns 2, retaliatory headbutt, deformed body, low MP 1, robust 1
a: Renounce Religion, Berserk, Trog's Hand, Brothers in Arms


You were on level 5 of the Lair of Beasts.
You worshipped Trog.
Trog was greatly pleased with you.
You visited 2 branches of the dungeon, and saw 13 of its levels.

You collected 834 gold pieces.
You spent 217 gold pieces at shops.


Innate Abilities, Weirdness & Mutations

You have a pair of horns on your head.
You reflexively headbutt those who attack you in melee.
Armour fits poorly on your strangely shaped body.
Your magical capacity is low. (-10% MP)
You are robust. (+10% HP)


   Skills:
 + Level 14.8 Fighting
 - Level 16.3 Axes
 - Level 1.2 Throwing
 - Level 10.1 Armour
 - Level 6.1 Dodging
 - Level 14.0 Shields


You had 12 spell levels left.
You didn't know any spells.
Your spell library was empty.

Inventory:

Hand Weapons
 n - a +3 morningstar
 Y - a +4 war axe of freezing (weapon)
Armour
 a - a +1 cloak
 b - a +0 kite shield (worn)
 d - a +0 pair of gloves (worn)
 g - a +4 chain mail (worn)
 j - a scarf of resistance (worn)
Jewellery
 c - an amulet of regeneration (around neck)
 l - a +4 ring of evasion (right hand)
 o - a +4 ring of slaying (left hand) {mikee}
Scrolls
 f - 8 scrolls of identify
 p - 3 scrolls of teleportation
Potions
 e - 3 potions of heal wounds
 h - a potion of resistance
 i - 4 potions of curing
 k - 2 potions of haste
 m - 3 potions of might

Dungeon Overview and Level Annotations

Branches:
Dungeon (8/15)             Temple (0/1) D:7            Lair (5/5) D:8
  Swamp (0/4) Lair:2        Snake (0/4) Lair:3        Slime (0/5) Lair:4

Altars:
Elyvilon
Sif Muna
Trog
Vehumet
Yredelemnul
Jiyva

Shops:
D:2 *   D:3 *   D:7 *

Annotations:
D:4 3 runed translucent doors, qw's ghost, amateur BaCK
Lair:3 2 transporters
Lair:4 1 runed translucent door


Message History

The snapping turtle bites you from afar!!
The hornet stings you.
You are poisoned.
You feel as though you will be slow longer.
Your ogre hits the snapping turtle with a +0 giant spiked club!!
The hornet stings you but does no damage.
The manticore flicks its tail.
The volley of spikes hits you!!
The barbed spikes become lodged in your body.
The snapping turtle bites your ogre.
Your ogre dies!
Your ogre's corpse disappears in a puff of smoke!
The hornet barely misses you. You furiously retaliate!
You headbutt the hornet!
The manticore flicks its tail.
You block the volley of spikes.
The hornet stings you but does no damage.
You see here a wyvern corpse.
Your unstable footing causes you to fumble your attack.
You feel very sick.
The manticore flicks its tail.
The volley of spikes hits you!
The barbed spikes become lodged in your body.
An elephant comes into view.
The hornet closely misses you. The snapping turtle closely misses you.
You closely miss the hornet.
The elephant trumpets!
You headbutt the hornet.
The hornet is moderately wounded.
You feel sick. The hornet barely misses you. You furiously retaliate!
You headbutt the hornet! You block the snapping turtle's attack.
The hornet stings you!
You suddenly lose the ability to move!
The snapping turtle bites you from afar!!
You feel sick.
The hornet stings you but does no damage.
The manticore bites you.
The manticore claws you but does no damage.
The manticore claws you. The hornet stings you.
You feel as though you will be slow longer.
The snapping turtle bites you from afar!!
You die...

#. ~~ ~ ..~ P~ #}
.~ ..~##~#
#~###.~ ~Y~~~
.~~~.~. ~~~P
~~.~~~~~# .~ ##~~
#~~~~~~~~
#..#~~y##%~##~~#~
#..~..%@Ht.~..~..
........%........
###...#.%%.......
###............
##...<.......
#.........(.
#........_..
##..........
##.........


You could see an elephant, a snapping turtle, a manticore and a hornet.

Vanquished Creatures
  Gastronok (Lair:2)
  2 hydras
  A catoblepas (Lair:4)
  Erica (Lair:2)
  A centaur warrior (D:8)
  9 death yaks (Lair:2)
  A two-headed ogre (D:8)
  A harpy (Lair:5)
  11 elephants
  3 black mambas
  A gargoyle (D:7)
  Maggie (D:8)
  12 cane toads
  A rime drake (Lair:1)
  12 komodo dragons
  A hornet (Lair:5)
  16 blink frogs
  13 yaks
  5 wyverns
  2 basilisks
  3 fire bats (Lair:3)
  Eustachio (D:5)
  2 steam dragons
  2 wargs (D:8)
  3 nagas (Lair:3)
  An acid dragon (D:8)
  10 water moccasins
  2 ice beasts
  2 orc warriors (D:8)
  A black bear (D:7)
  2 sky beasts (D:6)
  20 wolves
  5 centaurs
  10 bullfrogs
  4 necrophages
  A water moccasin zombie (D:4)
  A gnoll sergeant (D:8)
  3 scorpions
  13 wights
  4 howler monkeys (D:8)
  An electric eel (Lair:2)
  4 hounds
  5 orc priests
  A gnoll bouda (D:5)
  4 jellies
  2 iguanas
  6 orc wizards
  A howler monkey zombie (D:4)
  13 gnolls
  7 adders
  A white imp (D:8)
  An ufetubus (D:6)
  A worm (D:5)
  2 dart slugs
  32 orcs
  6 ball pythons
  4 bats
  4 endoplasms
  4 giant cockroaches
  6 goblins
  6 hobgoblins
  4 kobolds (D:4)
  4 quokkas (D:4)
  2 frilled lizards (D:1)
  8 rats
314 creatures vanquished.

Vanquished Creatures (collateral kills)
  A hydra (Lair:5)
  A cane toad (Lair:5)
  2 wyverns (Lair:5)
4 creatures vanquished.

Vanquished Creatures (others)
  14 fungi
  12 plants
  5 toadstools (D:1)
31 creatures vanquished.

Grand Total: 349 creatures vanquished

Notes
Turn   | Place    | Note
-------+----------+-------------------------------------------
     0 | D:1      | qw the Minotaur Berserker began the quest for the Orb.
     0 | D:1      | Reached XP level 1. HP: 19/19 MP: 0/0
     0 | D:1      | 0 ||| qw: Version: 0.1-a-108-g9e35731
     0 | D:1      | 0 ||| qw: Game counter: 6375
     0 | D:1      | 0 ||| qw: Always use a shield: true
     0 | D:1      | 0 ||| qw: Do Orc after D:15 true
     0 | D:1      | 0 ||| qw: Do second Lair branch before Depths: true
     0 | D:1      | 0 ||| qw: Lair rune preference: random
     0 | D:1      | 0 ||| qw: Plans: Normal
     0 | D:1      | 0 ||| PLANNING D:1-11
   106 | D:1      | Reached skill level 4 in Axes
   108 | D:1      | Found a faded altar of an unknown god.
   111 | D:1      | 111 ||| Stepping ~*~*~tactically~*~*~ (hiding).
   116 | D:1      | 116 ||| Stepping ~*~*~tactically~*~*~ (hiding).
   251 | D:1      | Reached XP level 2. HP: 26/26 MP: 1/1
   671 | D:1      | Reached skill level 5 in Axes
   920 | D:1      | 920 ||| DROPPING +0 mace.
   942 | D:1      | 942 ||| UPGRADING to +0 leather armour.
   952 | D:1      | 952 ||| DROPPING +0 animal skin.
   953 | D:1      | 953 ||| UPGRADING to +0 ring mail.
   963 | D:1      | 963 ||| DROPPING +0 leather armour.
   964 | D:1      | 964 ||| READING scroll labelled AGUUTI WIUMEXE.
  1051 | D:2      | 1051 ||| Stepping ~*~*~tactically~*~*~ (stealth).
  1064 | D:2      | 1064 ||| INVOKING Berserk.
  1066 | D:2      | Reached XP level 3. HP: 21/31 MP: 2/2
  1588 | D:2      | Reached ** piety under Trog
  1664 | D:2      | Found Ehileaxo's General Store.
  1673 | D:2      | 1673 ||| SHOPLISTING scroll of enchant weapon (75 gold,
                  | have 49).
  1673 | D:2      | 1673 ||| BUYING scroll of teleportation (30 gold).
  1673 | D:2      | Bought a scroll of teleportation for 30 gold pieces
  1904 | D:2      | 1904 ||| UPGRADING to +0 chain mail.
  1914 | D:2      | 1914 ||| DROPPING +0 ring mail.
  1915 | D:2      | 1915 ||| READING 2 scrolls labelled FIECIS EGAHA.
  1916 | D:2      | 1916 ||| READING scroll labelled BAATYO CATHAUG.
  1917 | D:2      | 1917 ||| READING scroll labelled UXKIJI YXKU.
  1918 | D:2      | 1918 ||| READING scroll labelled LOIMOKHEIC.
  1919 | D:2      | 1919 ||| DRINKING 2 grey potions.
  2373 | D:3      | Found Edubbagg's General Store.
  2383 | D:3      | 2383 ||| SHOPLISTING amulet of reflection (360 gold, have
                  | 64).
  2383 | D:3      | 2383 ||| SHOPLISTING scroll of brand weapon (114 gold, have
                  | 64).
  2407 | D:3      | Reached XP level 4. HP: 39/39 MP: 3/3
  2455 | D:3      | Reached skill level 6 in Axes
  2461 | D:3      | 2461 ||| INVOKING Berserk.
  2776 | D:3      | 2776 ||| UPGRADING to +4 ring of slaying {mikee}.
  2777 | D:3      | 2777 ||| READING scroll labelled MILUATRAMAP.
  2778 | D:3      | 2778 ||| READING 3 scrolls of identify.
  2778 | D:3      | 2778 ||| IDENTIFYING gluggy blue potion
  2779 | D:3      | 2779 ||| READING 2 scrolls of identify.
  2779 | D:3      | 2779 ||| IDENTIFYING clear potion
  2780 | D:3      | 2780 ||| DROPPING potion of flight.
  2781 | D:3      | 2781 ||| DROPPING potion of lignification.
  2782 | D:3      | 2782 ||| READING scroll of teleportation.
  2826 | D:4      | 2826 ||| Stepping ~*~*~tactically~*~*~ (stealth).
  2827 | D:4      | 2827 ||| Stepping ~*~*~tactically~*~*~ (stealth).
  2831 | D:4      | 2831 ||| Stepping ~*~*~tactically~*~*~ (stealth).
  2832 | D:4      | 2832 ||| Stepping ~*~*~tactically~*~*~ (stealth).
  2833 | D:4      | 2833 ||| Stepping ~*~*~tactically~*~*~ (stealth).
  2875 | D:4      | Reached XP level 5. HP: 45/45 MP: 4/4
  2882 | D:4      | Reached skill level 7 in Axes
  2890 | D:4      | Found a white marble altar of Elyvilon.
  2986 | D:4      | Found a radiant altar of Vehumet.
  3008 | D:4      | 3008 ||| INVOKING Berserk.
  3465 | D:4      | Noticed qw's ghost (amateur BaCK)
  3466 | D:4      | Found a runed translucent gate.
  3466 | D:4      | Found a runed translucent gate.
  3466 | D:4      | Found a runed translucent gate.
  3468 | D:4      | 3468 ||| UPGRADING to +0 cloak.
  3516 | D:4      | 3516 ||| READING scroll of enchant armour.
  3516 | D:4      | 3516 ||| ENCHANTING +0 cloak.
  3517 | D:4      | Found a basalt altar of Yredelemnul.
  3595 | D:4      | 3595 ||| UPGRADING to +0 kite shield.
  3636 | D:4      | 3636 ||| READING scroll labelled SEHUPOZAILI.
  3637 | D:4      | 3637 ||| READING 4 scrolls of identify.
  3637 | D:4      | 3637 ||| IDENTIFYING golden potion
  3638 | D:4      | 3638 ||| READING 3 scrolls of identify.
  3638 | D:4      | 3638 ||| IDENTIFYING fuming blue potion
  3639 | D:4      | 3639 ||| READING 2 scrolls of identify.
  3639 | D:4      | 3639 ||| IDENTIFYING glowing emerald potion
  3640 | D:4      | 3640 ||| DROPPING potion of brilliance.
  3641 | D:4      | 3641 ||| DROPPING potion of attraction.
  3666 | D:5      | Entered Level 5 of the Dungeon
  3675 | D:5      | Reached XP level 6. HP: 47/52 MP: 5/5
  3834 | D:5      | 3834 ||| INVOKING Berserk.
  3843 | D:5      | Reached skill level 3 in Shields
  3892 | D:5      | 3892 ||| SWAPPING to +2 hand axe of freezing.
  3893 | D:5      | 3893 ||| DROPPING +0 hand axe of venom.
  3957 | D:5      | Noticed Eustachio
  3963 | D:5      | 3963 ||| INVOKING Berserk.
  3964 | D:5      | 3964 ||| INVOKING Berserk.
  3968 | D:5      | Killed Eustachio
  3969 | D:5      | Reached XP level 7. HP: 59/59 MP: 6/6
  4214 | D:5      | 4214 ||| INVOKING Berserk.
  4218 | D:5      | Reached skill level 1 in Throwing
  4219 | D:5      | Reached skill level 8 in Axes
  4219 | D:5      | Reached *** piety under Trog
  4357 | D:5      | 4357 ||| DRINKING 2 bubbling silvery potions.
  4358 | D:5      | 4358 ||| DRINKING 2 bubbling ruby potions.
  4359 | D:5      | 4359 ||| DROPPING potion of degeneration.
  4380 | D:6      | Reached skill level 6 in Shields
  4535 | D:6      | 4535 ||| Stepping ~*~*~tactically~*~*~ (stealth).
  4536 | D:6      | 4536 ||| Stepping ~*~*~tactically~*~*~ (stealth).
  4537 | D:6      | 4537 ||| Stepping ~*~*~tactically~*~*~ (stealth).
  4546 | D:6      | Reached skill level 9 in Axes
  4564 | D:6      | 4564 ||| INVOKING Berserk.
  4570 | D:6      | 4570 ||| DRINKING 2 potions of curing.
  4570 | D:6      | 4570 ||| (to cure confusion)
  4576 | D:6      | Reached skill level 3 in Armour
  4576 | D:6      | Reached XP level 8. HP: 66/66 MP: 7/7
  4768 | D:6      | 4768 ||| Stepping ~*~*~tactically~*~*~ (cloud).
  4770 | D:6      | 4770 ||| Stepping ~*~*~tactically~*~*~ (cloud).
  4771 | D:6      | 4771 ||| Stepping ~*~*~tactically~*~*~ (hiding).
  4774 | D:6      | 4774 ||| INVOKING Berserk.
  4999 | D:6      | 4999 ||| INVOKING Berserk.
  5009 | D:6      | 5009 ||| Stepping ~*~*~tactically~*~*~ (stealth).
  5012 | D:6      | 5012 ||| Stepping ~*~*~tactically~*~*~ (hiding).
  5013 | D:6      | 5013 ||| Stepping ~*~*~tactically~*~*~ (hiding).
  5015 | D:6      | 5015 ||| FLEEEEING.
  5019 | D:6      | 5019 ||| FLEEEEING.
  5020 | D:6      | 5020 ||| STAIRDANCE
  5133 | D:5      | 5133 ||| READING scroll labelled ZISHRI XESKIMN.
  5171 | D:6      | Reached skill level 10 in Axes
  5441 | D:6      | 5441 ||| UPGRADING to amulet of regeneration.
  5446 | D:6      | 5446 ||| READING 2 scrolls labelled PEOVVA XIOCYPS.
  5447 | D:6      | 5447 ||| DROPPING scroll of blinking.
  5511 | D:7      | Found a staircase to the Ecumenical Temple.
  5522 | D:7      | Reached skill level 6 in Fighting
  5526 | D:7      | Found Fiukkiuk's General Store.
  5537 | D:7      | 5537 ||| BUYING potion of curing (33 gold).
  5537 | D:7      | Bought a potion of curing for 33 gold pieces
  5537 | D:7      | 5537 ||| BUYING potion of haste (110 gold).
  5537 | D:7      | Bought a potion of haste for 110 gold pieces
  5537 | D:7      | 5537 ||| BUYING scroll of identify (22 gold).
  5537 | D:7      | Bought a scroll of identify for 22 gold pieces
  5537 | D:7      | 5537 ||| BUYING scroll of identify (22 gold).
  5537 | D:7      | Bought a scroll of identify for 22 gold pieces
  5606 | D:7      | Reached skill level 11 in Axes
  5606 | D:7      | Reached XP level 9. HP: 64/75 MP: 8/8
  5638 | D:7      | 5638 ||| SWAPPING to +3 war axe of freezing.
  5639 | D:7      | 5639 ||| DROPPING +2 hand axe of freezing.
  5662 | D:7      | Found a flagged portal.
  5701 | D:7      | 5701 ||| Stepping ~*~*~tactically~*~*~ (hiding).
  5845 | D:7      | 5845 ||| DROPPING +0 whip of venom.
  5898 | D:7      | 5898 ||| Stepping ~*~*~tactically~*~*~ (stealth).
  5899 | D:7      | Noticed a komodo dragon
  5901 | D:7      | 5901 ||| INVOKING Berserk.
  5903 | D:7      | Killed a komodo dragon
  5904 | D:7      | Reached skill level 12 in Axes
  5916 | D:7      | 5916 ||| Stepping ~*~*~tactically~*~*~ (stealth).
  5953 | D:7      | 5953 ||| Stepping ~*~*~tactically~*~*~ (stealth).
  5961 | D:7      | Noticed a gargoyle
  5962 | D:7      | 5962 ||| Stepping ~*~*~tactically~*~*~ (stealth).
  5963 | D:7      | 5963 ||| DROPPING +0 flail.
  5964 | D:7      | 5964 ||| Stepping ~*~*~tactically~*~*~ (stealth).
  5965 | D:7      | 5965 ||| Stepping ~*~*~tactically~*~*~ (stealth).
  5980 | D:7      | 5980 ||| INVOKING Berserk.
  5981 | D:7      | Killed a gargoyle
  5997 | D:7      | 5997 ||| Stepping ~*~*~tactically~*~*~ (stealth).
  6055 | D:7      | 6055 ||| INVOKING Berserk.
  6058 | D:7      | Reached skill level 9 in Shields
  6476 | D:7      | 6476 ||| READING 4 scrolls of identify.
  6476 | D:7      | 6476 ||| IDENTIFYING dark potion
  6509 | D:8      | Noticed a two-headed ogre
  6513 | D:8      | 6513 ||| INVOKING Berserk.
  6515 | D:8      | Killed a two-headed ogre
  6516 | D:8      | Reached skill level 13 in Axes
  6516 | D:8      | Reached XP level 10. HP: 86/86 MP: 9/9
  6517 | D:8      | Noticed Maggie
  6526 | D:8      | HP: 16/86 [Maggie/bolt of fire (20)]
  6527 | D:8      | 6527 ||| READING scroll of teleportation.
  6528 | D:8      | 6528 ||| DRINKING 3 potions of heal wounds.
  6609 | D:8      | Noticed a centaur warrior
  6611 | D:8      | Reached **** piety under Trog
  6615 | D:8      | Killed a centaur warrior
  6617 | D:8      | 6617 ||| INVOKING Berserk.
  6641 | D:8      | 6641 ||| Stepping ~*~*~tactically~*~*~ (hiding).
  6688 | D:8      | Found a bloodstained altar of Trog.
  6700 | D:8      | 6700 ||| Stepping ~*~*~tactically~*~*~ (stealth).
  6702 | D:8      | 6702 ||| Stepping ~*~*~tactically~*~*~ (stealth).
  6703 | D:8      | 6703 ||| Stepping ~*~*~tactically~*~*~ (stealth).
  6758 | D:8      | 6758 ||| Stepping ~*~*~tactically~*~*~ (hiding).
  6763 | D:8      | Killed Maggie
  6764 | D:8      | Reached skill level 14 in Axes
  6810 | D:8      | 6810 ||| INVOKING Berserk.
  6913 | D:8      | 6913 ||| Stepping ~*~*~tactically~*~*~ (stealth).
  6915 | D:8      | 6915 ||| Stepping ~*~*~tactically~*~*~ (stealth).
  6977 | D:8      | Found a staircase to the Lair.
  7075 | D:8      | Reached skill level 3 in Dodging
  7320 | D:8      | 7320 ||| PLANNING LAIR
  7320 | D:8      | 7320 ||| UPGRADING to +4 chain mail.
  7330 | D:8      | 7330 ||| DROPPING +0 chain mail.
  7331 | D:8      | 7331 ||| READING 2 scrolls labelled GICOOG CATYIH.
  7332 | D:8      | 7332 ||| DROPPING scroll of fog.
  7374 | Lair:1   | Entered Level 1 of the Lair of Beasts
  7466 | Lair:1   | 7466 ||| Stepping ~*~*~tactically~*~*~ (hiding).
  7469 | Lair:1   | 7469 ||| DRINKING potion of cancellation.
  7520 | Lair:1   | 7520 ||| Stepping ~*~*~tactically~*~*~ (stealth).
  7521 | Lair:1   | 7521 ||| Stepping ~*~*~tactically~*~*~ (stealth).
  7526 | Lair:1   | 7526 ||| INVOKING Berserk.
  7718 | Lair:1   | 7718 ||| INVOKING Berserk.
  7888 | Lair:1   | Reached XP level 11. HP: 62/95 MP: 10/10
  7950 | Lair:1   | 7950 ||| INVOKING Berserk.
  8275 | Lair:1   | Reached skill level 15 in Axes
  8280 | Lair:1   | Reached skill level 9 in Fighting
  8338 | Lair:1   | 8338 ||| Stepping ~*~*~tactically~*~*~ (stealth).
  8421 | Lair:1   | 8421 ||| UPGRADING to +4 ring of evasion.
  8422 | Lair:1   | 8422 ||| DRINKING 2 emerald potions.
  8527 | Lair:1   | 8527 ||| READING 4 scrolls of identify.
  8527 | Lair:1   | 8527 ||| IDENTIFYING black potion
  8528 | Lair:1   | 8528 ||| READING 3 scrolls of identify.
  8528 | Lair:1   | 8528 ||| IDENTIFYING sapphire potion
  8529 | Lair:1   | 8529 ||| DROPPING potion of magic.
  8530 | Lair:1   | 8530 ||| DROPPING potion of berserk rage.
  8531 | Lair:1   | 8531 ||| DROPPING potion of invisibility.
  8537 | Lair:2   | 8537 ||| STAIRDANCE
  8539 | Lair:1   | 8539 ||| INVOKING Berserk.
  8648 | Lair:2   | 8648 ||| INVOKING Berserk.
  8649 | Lair:2   | Noticed Gastronok
  8651 | Lair:2   | Reached skill level 6 in Armour
  8654 | Lair:2   | 8654 ||| STAIRDANCE
  8654 | Lair:2   | Noticed an eight-headed hydra
  8718 | Lair:2   | 8718 ||| STAIRDANCE
  8720 | Lair:1   | 8720 ||| SWAPPING to +3 morningstar.
  8721 | Lair:1   | 8721 ||| INVOKING Berserk.
  8724 | Lair:1   | Killed an eight-headed hydra
  8767 | Lair:1   | 8767 ||| SWAPPING to +3 war axe of freezing.
  8870 | Lair:2   | 8870 ||| STAIRDANCE
  8895 | Lair:2   | 8895 ||| INVOKING Berserk.
  8904 | Lair:2   | Killed Gastronok
  8905 | Lair:2   | Reached skill level 16 in Axes
  9070 | Lair:2   | Noticed a death yak
  9070 | Lair:2   | Noticed a death yak
  9071 | Lair:2   | Noticed a death yak
  9072 | Lair:2   | 9072 ||| Stepping ~*~*~tactically~*~*~ (stealth).
  9076 | Lair:2   | 9076 ||| INVOKING Berserk.
  9081 | Lair:2   | Killed a death yak
  9084 | Lair:2   | Killed a death yak
  9088 | Lair:2   | Killed a death yak
  9209 | Lair:2   | 9209 ||| INVOKING Berserk.
  9230 | Lair:2   | 9230 ||| Stepping ~*~*~tactically~*~*~ (stealth).
  9234 | Lair:2   | 9234 ||| Stepping ~*~*~tactically~*~*~ (stealth).
  9235 | Lair:2   | 9235 ||| Stepping ~*~*~tactically~*~*~ (stealth).
  9237 | Lair:2   | 9237 ||| Stepping ~*~*~tactically~*~*~ (stealth).
  9399 | Lair:2   | 9399 ||| INVOKING Berserk.
  9523 | Lair:2   | 9523 ||| INVOKING Berserk.
  9525 | Lair:2   | Reached XP level 12. HP: 108/108 MP: 11/11
  9682 | Lair:2   | Noticed Erica
  9683 | Lair:2   | 9683 ||| Stepping ~*~*~tactically~*~*~ (hiding).
  9686 | Lair:2   | 9686 ||| INVOKING Berserk.
  9690 | Lair:2   | Killed Erica
  9830 | Lair:2   | Noticed a death yak
  9830 | Lair:2   | Noticed a death yak
  9831 | Lair:2   | Noticed a death yak
  9832 | Lair:2   | 9832 ||| Stepping ~*~*~tactically~*~*~ (stealth).
  9836 | Lair:2   | Noticed a death yak
  9837 | Lair:2   | 9837 ||| INVOKING Berserk.
  9837 | Lair:2   | Noticed a death yak
  9843 | Lair:2   | Killed a death yak
  9847 | Lair:2   | Killed a death yak
  9848 | Lair:2   | Noticed a death yak
  9851 | Lair:2   | Killed a death yak
  9852 | Lair:2   | Reached skill level 12 in Shields
  9855 | Lair:2   | Killed a death yak
  9858 | Lair:2   | Killed a death yak
  9867 | Lair:2   | Killed a death yak
  9872 | Lair:2   | Reached skill level 12 in Fighting
  9975 | Lair:2   | 9975 ||| Stepping ~*~*~tactically~*~*~ (stealth).
  9996 | Lair:2   | 9996 ||| FLEEEEING.
 10056 | Lair:2   | Found a staircase to the Swamp.
 10102 | Lair:2   | 10102 ||| INVOKING Berserk.
 10123 | Lair:2   | Reached skill level 9 in Armour
 10515 | Lair:2   | 10515 ||| UPGRADING to +0 pair of gloves.
 10520 | Lair:2   | 10520 ||| DRINKING 2 fuming amethyst potions.
 10520 | Lair:2   | Gained mutation: Armour fits poorly on your strangely
                  | shaped body. [potion of mutation]
 10520 | Lair:2   | Gained mutation: You are partially covered in iridescent
                  | scales. (AC +2) [potion of mutation]
 10521 | Lair:2   | 10521 ||| DRINKING potion of mutation.
 10521 | Lair:2   | Lost mutation: You are partially covered in iridescent
                  | scales. (AC +2) [potion of mutation]
 10521 | Lair:2   | Lost mutation: Armour fits poorly on your strangely shaped
                  | body. [potion of mutation]
 10521 | Lair:2   | Gained mutation: Armour fits poorly on your strangely
                  | shaped body. [potion of mutation]
 10521 | Lair:2   | Gained mutation: Your magical capacity is low. (-10% MP)
                  | [potion of mutation]
 10521 | Lair:2   | Gained mutation: You are robust. (+10% HP) [potion of
                  | mutation]
 10531 | Lair:2   | 10531 ||| READING 7 scrolls of identify.
 10531 | Lair:2   | 10531 ||| IDENTIFYING orange potion
 10562 | Lair:3   | 10562 ||| STAIRDANCE
 10611 | Lair:3   | Found a transporter.
 10612 | Lair:3   | Found a transporter.
 10612 | Lair:3   | Noticed a boulder beetle
 10750 | Lair:3   | 10750 ||| Stepping ~*~*~tactically~*~*~ (stealth).
 10751 | Lair:3   | 10751 ||| INVOKING Berserk.
 10892 | Lair:3   | Noticed a seven-headed hydra
 10893 | Lair:3   | 10893 ||| INVOKING Brothers in Arms.
 10896 | Lair:3   | 10896 ||| SWAPPING to +3 morningstar.
 10897 | Lair:3   | 10897 ||| INVOKING Berserk.
 10898 | Lair:3   | Killed a seven-headed hydra
 10913 | Lair:3   | 10913 ||| SWAPPING to +3 war axe of freezing.
 11082 | Lair:3   | 11082 ||| Stepping ~*~*~tactically~*~*~ (stealth).
 11109 | Lair:3   | Reached XP level 13. HP: 134/134 MP: 10/10
 11176 | Lair:3   | 11176 ||| Stepping ~*~*~tactically~*~*~ (hiding).
 11184 | Lair:3   | 11184 ||| Stepping ~*~*~tactically~*~*~ (hiding).
 11238 | Lair:3   | 11238 ||| Stepping ~*~*~tactically~*~*~ (stealth).
 11241 | Lair:3   | Found a staircase to the Snake Pit.
 11247 | Lair:3   | 11247 ||| Stepping ~*~*~tactically~*~*~ (stealth).
 11248 | Lair:3   | 11248 ||| Stepping ~*~*~tactically~*~*~ (stealth).
 11251 | Lair:3   | 11251 ||| Stepping ~*~*~tactically~*~*~ (stealth).
 11561 | Lair:3   | 11561 ||| INVOKING Berserk.
 11564 | Lair:3   | Reached skill level 6 in Dodging
 11824 | Lair:3   | 11824 ||| DROPPING ring of positive energy.
 11825 | Lair:3   | 11825 ||| READING scroll labelled MUCRYEDUTA.
 11858 | Lair:4   | 11858 ||| INVOKING Berserk.
 11875 | Lair:4   | 11875 ||| FLEEEEING.
 11876 | Lair:4   | 11876 ||| FLEEEEING.
 11877 | Lair:4   | 11877 ||| STAIRDANCE
 11981 | Lair:4   | 11981 ||| INVOKING Berserk.
 11988 | Lair:4   | 11988 ||| STAIRDANCE
 12121 | Lair:4   | 12121 ||| INVOKING Berserk.
 12252 | Lair:4   | Found a runed translucent door.
 12260 | Lair:4   | Identified the +0 scale mail of Gravitas {Str+3}
 12296 | Lair:4   | Found a viscous altar of Jiyva.
 12296 | Lair:4   | Found a staircase to the Slime Pits.
 12296 | Lair:4   | Noticed an acid blob
 12296 | Lair:4   | Noticed an acid blob
 12296 | Lair:4   | Noticed an acid blob
 12359 | Lair:4   | 12359 ||| INVOKING Berserk.
 12502 | Lair:4   | 12502 ||| Stepping ~*~*~tactically~*~*~ (stealth).
 12504 | Lair:4   | 12504 ||| Stepping ~*~*~tactically~*~*~ (stealth).
 12886 | Lair:4   | 12886 ||| UPGRADING to scarf of resistance.
 12919 | Lair:5   | Entered Level 5 of the Lair of Beasts
 12919 | Lair:5   | Found a shimmering blue altar of Sif Muna.
 12920 | Lair:5   | 12920 ||| INVOKING Brothers in Arms.
 12921 | Lair:5   | 12921 ||| INVOKING Brothers in Arms.
 12923 | Lair:5   | 12923 ||| SWAPPING to +3 morningstar.
 12924 | Lair:5   | 12924 ||| INVOKING Berserk.
 12945 | Lair:5   | 12945 ||| SWAPPING to +4 war axe of freezing.
 12948 | Lair:5   | Paralysed by a hornet for 3 turns
 12948 | Lair:5   | HP: 16/137 [snapping turtle (21)]
 12949 | Lair:5   | HP: 5/137 [hornet (5)]
 12949 | Lair:5   | Demolished by a snapping turtle

Levels and vault maps discovered:
D:1:      ldierk_walled_garden, layout_loops_ring,
          shapermc_ecumenical_altar_acropolis, eino_curves_01
D:2:      layout_loops_corners, serial_shops, shop, minmay_fountain_box
D:3:      layout_loops_ring, serial_shops, shop
D:4:      layout_layer_cave, nicolae_yredelemnul_ghost_church,
          lemuel_doored_altar, mainiacjoe_overflow_catwalk
D:5:      layout_basic, uniq_eustachio
D:6:      layout_rooms
D:7:      hangedman_cross_stitches, layout_basic,
          minmay_temple_entry_junction_2, serial_shops, shop, enter_bailey_6
D:8:      layout_rooms, trog_book, erik_lair_orcish_takeover,
          minmay_manual_mess, uniq_maggie
Lair:1:   layout_loops_ring, chequers_serial_rivers_small_b
Lair:2:   nzn_winding_woodlands_small [nzn_winding_woodlands_5x15_sidewinder,
          nzn_winding_woodlands_center_lodge,
          nzn_winding_woodlands_5x15_default], layout_chaotic_city,
          swamp_mist_pool, uniq_erica, uniq_gastronok
Lair:3:   gammafunk_boulding_lane, layout_gridlike, guppyfry_snake_entry_garden,
          nicolae_volcano_entry_batcave, grunt_megastairs_5,
          serial_bayou_shore_a
Lair:4:   layout_hall_layers, slime_entry_2, nicolae_lair_lil_pond, minivault_26
Lair:5:   gammafunk_lair_ancient_temple, layout_small_grid, basic_altar,
          dreamdust_wasp_nest

Skill      XL: |  1  2  3  4  5  6  7  8  9 10 11 12 13 |
---------------+----------------------------------------+-----
Axes           | 4 5 6 7 9 11 13 14 16 | 16.3
Fighting       | 4 6 7 8 10 13 14 | 14.8
Shields        | 2 5 6 7 9 10 11 13 14 | 14.0
Throwing       | 1 |  1.2
Armour         | 3 4 5 7 9 10 | 10.1
Dodging        | 3 4 5 6 |  6.1

Action                   |  1- 3 |  4- 6 |  7- 9 | 10-12 | 13-15 || total
-------------------------+-------+-------+-------+-------+-------++-------
Melee: Hand axe          |    62 |    62 |    89 |       |       ||   213
       Headbutt          |     4 |    11 |    22 |    68 |    31 ||   136
       War axe           |       |       |    49 |   278 |   101 ||   428
       Morningstar       |       |       |       |     4 |    15 ||    19
Throw: Boomerang         |    51 |    21 |    37 |       |       ||   109
Invok: Berserk           |     1 |     4 |     8 |    18 |     6 ||    37
       Brothers in Arms  |       |       |       |     1 |     1 ||     2
  Use: Scroll            |     5 |     9 |     3 |     5 |     1 ||    23
       Potion            |     1 |       |     3 |     5 |       ||     9
Armor: Animal skin       |     3 |       |       |       |       ||     3
       Ring mail         |     5 |       |       |       |       ||     5
       Chain mail        |     5 |    16 |    50 |    73 |    37 ||   181
Dodge: Dodged            |    23 |    15 |    40 |   106 |    68 ||   252
Block: Kite shield       |       |     2 |    53 |   128 |    83 ||   266

Table legend:
 A = Non-vault XP
 B = Vault XP
 C = Vault XP percentage of total XP
 D = Non-vault monster count
 E = Vault monster count
 F = Vault count percentage of total count
                 A         B        C        D         E       F
            +---------+---------+-------+---------+---------+-------
      Total |   39143 |   14483 |  27.0 |     264 |      54 |  17.0
            +---------+---------+-------+---------+---------+-------
        D:1 |      37 |       0 |   0.0 |      20 |       0 |   0.0
        D:2 |      26 |       0 |   0.0 |      10 |       0 |   0.0
        D:3 |     124 |       0 |   0.0 |      18 |       0 |   0.0
        D:4 |      86 |      97 |  53.0 |      19 |       2 |   9.5
        D:5 |     404 |     188 |  31.8 |      14 |       1 |   6.7
        D:6 |    1279 |       0 |   0.0 |      20 |       0 |   0.0
        D:7 |    1425 |    1308 |  47.9 |      20 |      10 |  33.3
        D:8 |    2147 |    2028 |  48.6 |      35 |      14 |  28.6
     Lair:1 |    4006 |       0 |   0.0 |      15 |       0 |   0.0
     Lair:2 |   13233 |    5393 |  29.0 |      37 |      10 |  21.3
     Lair:3 |    7725 |    1924 |  19.9 |      25 |       8 |  24.2
     Lair:4 |    8506 |       0 |   0.0 |      30 |       0 |   0.0
     Lair:5 |     145 |    3545 |  96.1 |       1 |       9 |  90.0
            +---------+---------+-------+---------+---------+-------
